 Dungeon Crawl Stone Soup version 0.17-a0-1133-gfb1399f (webtiles) character file.

772 Eglamore the Skirmisher (level 7, 0/63 HPs)
             Began as a Minotaur Berserker on May 26, 2015.
             Was a Priest of Trog.
             Killed from afar by an orc wizard (6 damage)
             ... with a magic dart
             ... on level 4 of the Dungeon.
             The game lasted 00:09:25 (3070 turns).

Eglamore the Skirmisher (Minotaur Berserker)        Turns: 3070, Time: 00:09:25

Health: 0/63       AC: 12    Str: 24    XL:     7   Next: 53%
Magic:  6/6        EV:  8    Int:  0    God:    Trog [***...]
Gold:   144        SH:  0    Dex:  9    Spells: 0 memorised, 6 levels left

rFire  + . .     SeeInvis .     a - +0 hand axe
rCold  + . .     Clarity  .     t - +0 plate armour
rNeg   . . .     SustAt   .     (no shield)
rPois  .         Gourm    .     (helmet restricted)
rElec  .         Spirit   .     (no cloak)
rCorr  +         Warding  .     (no gloves)
rMut   .         Stasis   .     (no boots)
MR     .....                    p - amulet of resist corrosion
Stlth  ..........               (no ring)
                                (no ring)

@: lethally poisoned (0 -> -1), slowed, lost intelligence, very slow, not
resistant to hostile enchantments, extremely unstealthy
A: retaliatory headbutt, horns 2, cold resistance 1, dopey 2, fire resistance 1,
screaming 1, MP-powered wands
a: Burn Spellbooks, Berserk, Trog's Hand, Renounce Religion


You were on level 4 of the Dungeon.
You worshipped Trog.
Trog was most pleased with you.
You were very hungry.

You visited 1 branch of the dungeon, and saw 4 of its levels.
You also visited: Ossuary.

You collected 144 gold pieces.

Inventory:

Hand weapons
 a - a +0 hand axe (weapon)
Armour
 t - a +0 plate armour (worn)
Jewellery
 p - an amulet of resist corrosion (around neck)
Scrolls
 d - 2 scrolls of amnesia {unknown}
 f - a scroll of enchant weapon {unknown}
 h - 3 scrolls of teleportation {unknown}
 o - a scroll of magic mapping {unknown}
 r - a scroll of fear {unknown}
Potions
 b - 3 potions of curing
 k - a potion of heal wounds {unknown}
 l - 2 potions of degeneration {unknown}
 m - 3 potions of haste
 s - a potion of agility {unknown}
 v - 2 potions of flight {unknown}
 x - a potion of resistance {unknown}
 z - a potion of ambrosia {unknown}
Comestibles
 c - 3 bread rations
 g - a beef jerky
 j - a meat ration
 n - a slice of pizza


   Skills:
 + Level 6.2 Fighting
 + Level 6.2 Axes
 + Level 5.4 Armour
 + Level 5.0 Dodging


You had 6 spell levels left.
You didn't know any spells.

Dungeon Overview and Level Annotations

Branches:
Dungeon (4/15)
 Temple: D:4-7

Altars:
Nemelex Xobeh
Trog


Innate Abilities, Weirdness & Mutations

You reflexively headbutt those who attack you in melee.
You have a pair of horns on your head.
Your flesh is cold resistant.
You are very dopey. (Int -4)
Your flesh is heat resistant.
You occasionally shout uncontrollably at your foes.
You expend magic power (3 MP) to strengthen your wands.


Message History

* * * LOW HITPOINT WARNING * * *
The orc wizard barely misses you. You furiously retaliate!
You headbutt the orc wizard!
The orc wizard hits you but does no damage.
The orc wizard barely misses you.
Items here: ))) [[ †† You hit the orc wizard but do no damage.
You headbutt the orc wizard.
The orc wizard is almost dead.
You feel sick. The orc wizard barely misses you.
The orc wizard casts a spell.
The orc wizard blinks!
You feel sick.
The orc wizard points at you and mumbles some strange words.
The magic dart hits you!
Items here: ))) [[ †† The orc wizard closely misses you.
The orc wizard casts a spell at you. The magic dart hits you!
You die...

###### ###### #....###....#
'....#.#....# #....'.'....#
####### #....#.#....# #.....#
#....#.#....# +.....
#....+.##'###+#...##
+....#..+..##.##o..#
#....#.##..##..'@..+
.....#.###'##..#)..# ######
.....'.....##'##...# #....#
.....#.##......+...'.+ . #....#
..#'##.##..##..#...#'#...###....#
..#.....+..##+##.......#....##...
..'.....#...# +.......'.........
..#.##+##...+ #......)#..#......
.##.##.##..## #.......# #+###'#


You could see an orc wizard.

Vanquished Creatures
  The ghost of Eglamore the Cudgeler, an average TrBe of Trog (D:4)
  2 centaur zombies (Ossuary)
  A centaur skeleton (D:4)
  An orc priest (D:3)
  4 orc wizards
  2 worker ants
  2 big kobold zombies (Ossuary)
  A hound skeleton (D:4)
  5 mummies
  6 adders
  An ooze (D:1)
  3 worms
  3 giant geckos
  15 orcs
  A giant cockroach (D:1)
  8 goblins
  5 hobgoblins
  A quokka (D:3)
  A ball python (D:1)
  7 bats
  3 giant newts
  2 gnoll zombies (Ossuary)
  A hobgoblin zombie (Ossuary)
  5 kobolds
  A kobold zombie (Ossuary)
  9 rats
91 creatures vanquished.

Notes
Turn   | Place    | Note
--------------------------------------------------------------
     0 | D:1      | Eglamore the Minotaur Berserker began the quest for the Orb.
     0 | D:1      | Reached XP level 1. HP: 19/19 MP: 0/0
   314 | D:1      | Reached skill level 4 in Fighting
   314 | D:1      | Reached XP level 2. HP: 21/27 MP: 1/1
   620 | D:2      | Reached XP level 3. HP: 28/33 MP: 2/2
   870 | D:2      | Acquired Trog's second power
  1167 | D:3      | Reached XP level 4. HP: 41/41 MP: 3/3
  1232 | D:3      | Reached XP level 5. HP: 17/47 MP: 4/4
  1637 | D:3      | Reached skill level 5 in Fighting
  1637 | D:3      | Reached skill level 5 in Axes
  1994 | D:4      | Reached XP level 6. HP: 52/56 MP: 5/5
  2203 | D:4      | Found a sparkling altar of Nemelex Xobeh.
  2205 | D:4      | Found a bloodstained altar of Trog.
  2289 | D:4      | Found a sand-covered staircase.
  2300 | Ossuary  | Entered an ossuary
  2798 | Ossuary  | Gained mutation: You occasionally shout uncontrollably at your foes. [potion of mutation]
  2798 | Ossuary  | Gained mutation: You are dopey. (Int -2) [potion of mutation]
  2798 | Ossuary  | Lost intelligence.
  2798 | Ossuary  | Gained mutation: You are very dopey. (Int -4) [potion of mutation]
  2800 | Ossuary  | Gained mutation: Your flesh is cold resistant. [potion of mutation]
  2800 | Ossuary  | Gained mutation: Your flesh is heat resistant. [potion of mutation]
  2800 | Ossuary  | Gained mutation: You expend magic power (3 MP) to strengthen your wands. [potion of mutation]
  2894 | D:4      | Noticed Eglamore's ghost (average TrBe)
  2907 | D:4      | Killed Eglamore's ghost
  2907 | D:4      | Reached skill level 6 in Fighting
  2907 | D:4      | Reached skill level 5 in Armour
  2907 | D:4      | Reached XP level 7. HP: 60/63 MP: 6/6
  3059 | D:4      | Reached skill level 5 in Dodging
  3070 | D:4      | Killed from afar by an orc wizard

Vault maps used:
D:1:      scummos_arrival_star
D:4:      minitemple, gup_ossuary_entry_pyramid, first_bread
Ossuary:  ossuary_crypta

Action                   |  1- 3 |  4- 6 |  7- 9 || total
-------------------------+-------+-------+-------++-------
Melee: Hand axe          |    84 |   151 |    20 ||   255
Invok: Berserk           |       |     3 |       ||     3
       Burn Spellbooks   |       |     1 |       ||     1
  Use: Scroll            |       |     6 |       ||     6
       Potion            |       |     2 |       ||     2
  Eat: Chunk             |     1 |     4 |     1 ||     6
       Fruit             |       |     4 |       ||     4
